[Event "*** Titled Tuesday Blitz"]
[Site "Chess.com"]
[Date "2020.05.12"]
[Round "1"]
[White "Ati1517"]
[Black "Chessmasterzt"]
[Result "1-0"]
[WhiteElo "2283"]
[BlackElo "2566"]
[TimeControl "180+1"]
[EndTime "10:09:58 PDT"]
[Termination "Ati1517 won by resignation"]

1. d4 d6 2. c4 Nf6 3. Nf3 g6 4. Nc3 Bg7 5. e4 O-O 6. g3 c5 7.
d5 Na6 8. Bg2 Nc7 9. O-O Rb8 10.
Ne1 b5 11. cxb5 a6 12. b6 Nb5 13. Nc2 Nxc3 14. bxc3 Nd7 15. Bd2 Nxb6 16. Ne3 a5 17.
Rb1 Ba6 18. Re1 Qd7 19. Bf1 Bxf1 20. Kxf1 c4 21. Qc2 Rfc8 22. Kg2 Qc7 23. f4 Nd7 24.
Rxb8 Rxb8 25. Rb1 Nc5 26. Nxc4 Rxb1 27. Qxb1 Na4 28. Qb3 Nc5 29. Qb1 h5 30. f5 gxf5 31.
exf5 Bf6 32. Kf3 Qc8 33. Ne3 Qa6 34. c4 a4 35. Qb5 Qc8 36. Qc6 Qb8 37. Qb5 Qc8 38. h4 Nd7 39. Qxa4 Ne5+ 40. Kg2 Qc5 41. Qd1 Qd4 42. Qe2 Qe4+ 43. Kg1 Nf3+ 44. Kf2 Ne5 45. Qxh5 Nxc4 46. Ke2 Nxd2 47. Kxd2 Qb4+ 48. Ke2 Qb2+ 49. Kf3 Qxa2 50. Qg4+ Kf8 51. Qc4 Qb1 52. Qc8+ Kg7 53. Qc4 Qh1+ 54. Kf2 Qb1 55. Ng2 Qxf5+ 56. Qf4 Qxd5 57.
Ne3 Qa2+ 58. Kf3 Qa8+ 59. Qe4 Qa5 60. Nf5+ Kf8 61. Ne3 Qe5 62. Qg4 e6 63. Qf4 Qxf4+ 64. Kxf4 Kg7 65. h5 Be5+ 66. Kg4 d5 67. Kh4 Kh6 68.
Ng4+ Kg7 69. Nxe5 f6 70. Nf3 e5 71. Kg4 Kh6 72. Nh4 d4 73. Nf5+ Kh7 74. Kf3 Kg8 75. Ke4 Kf7 76. g4 Kg8 77. Ne7+ Kg7 78. Nd5 Kf7 79. Nb4 Kg7 80. Nc6 Kh6 81. Ne7 Kg5 82.
Nf5 Kxg4 83. h6 d3 84. Kxd3 Kxf5 85. h7 e4+ 86. Ke3 Kg6 87. h8=Q f5 88. Qg8+ Kf6 89. Kf4 e3 90. Qg5+ Kf7 91. Qxf5+ Kg7 92. Qe5+ 1-0

[Event "*** Titled Tuesday Blitz"]
[Site "Chess.com"]
[Date "2020.05.12"]
[Round "1"]
[White "Mitronych"]
[Black "FLamps8"]
[Result "0-1"]
[WhiteElo "2229"]
[BlackElo "2565"]
[TimeControl "180+1"]
[EndTime "10:10:01 PDT"]
[Termination "FLamps8 won by checkmate"]

1. e4 c6 2. d4 d5 3. e5 Bf5 4.
h4 h5 5. Bd3 Bxd3 6. Qxd3 e6 7.
Bg5 Be7 8. Nf3 Nh6 9. Nbd2 Nf5 10. c4 dxc4 11. Nxc4 Bb4+ 12. Ncd2 Qd5 13. a3 Ba5 14. b4 Bb6 15. Nb3 a5 16. bxa5 Bxa5+ 17. Nxa5 Rxa5 18. O-O Ra4 19. Rfb1 b5 20. Rb4 Ra7 21. Rc1 O-O 22.
Rc5 Qd7 23. Nd2 Na6 24. Qc3 Nxb4 25. Qxb4 Qxd4 26. Rxc6 Qa1+ 27. Kh2 Qxa3 28. Qxb5 Qa4 29. Qxa4 Rxa4 30. g3 f6 31. exf6 gxf6 32. Bf4 e5 33. Rc5 Ra2 34. Ne4 exf4 35. Rxf5 fxg3+ 36. Kxg3 Kg7 37. Rxh5 Re8 38. Nd6 Re1 39. Rf5 Rg1+ 40. Kh2 Rd1 41. Ne4 Rd4 42. Nxf6 Rxh4+ 43. Kg3 Rh1 44. Ne8+ Kg6 45.
Rf6+ Kh7 46. Rf4 Rg1+ 47. Kh2 Rg6 48. Nc7 Ra5 49. Rh4+ Kg8 50. Ne8 Re5 51. Nd6 Rxd6 52. f4 Rf5 53. Kg3 Rg6+ 54. Kf3 Kf7 55. Ke4 Ra5 56.
Rh7+ Kf6 57. Rb7 Ra4+ 58. Kf3 Rg1 59. Rb6+ Ke7 60. Rb7+ Ke6 61. Rb6+ Kd7 62. Rb7+ Kc6 63. Re7 Ra3+ 64. Kf2 Rg4 65. Rf7 Kd5 66. f5 Ke4 67. f6 Rf3+ 68. Ke2 Rg2+ 69. Ke1 Rgf2 70. Re7+ Kd5 71. f7 Rxf7 72. Re8 Rf1+ 73. Ke2 R1f6 74. Rd8+ Ke5 75. Re8+ Re6 76. Ra8 Kf6+ 77. Kf3 Rd7 78. Ra3 Rf7 79. Kg4 Ke7 80. Kg5 Kf8 81. Ra8+ Kg7 82.
Ra5 Rg6+ 83. Kh5 Rg1 84. Ra6 Rf5+ 85. Kh4 Rf6 86. Ra7+ Kg6 87. Ra5 Rf4+ 88. Kh3 Rf5 89. Ra6+ Kg5 90. Ra3 Rgf1 91. Kg2 R1f4 92. Kg3 Rg4+ 93.
Kh3 Kh5 94. Ra8 Rf3+ 95. Kh2 Rc4 96. Kg2 Rfc3 97. Rh8+ Kg4 98. Rg8+ Kf4 99. Rf8+ Ke3 100.
Re8+ Re4 101. Rd8 Rg4+ 102. Kh3 Kf4+ 103. Kh2 Rc2+ 104.
Kh3 Rg3+ 105. Kh4 Rh2# 0-1

[Event "*** Titled Tuesday Blitz"]
[Site "Chess.com"]
[Date "2020.05.12"]
[Round "1"]
[White "enriquetejedor"]
[Black "Mykola-Bortnyk"]
[Result "1-0"]
[WhiteElo "2462"]
[BlackElo "2868"]
[TimeControl "180+1"]
[EndTime "10:10:05 PDT"]
[Termination "enriquetejedor won on time"]

1. e4 Nf6 2. e5 Nd5 3. d4 d6 4. Nf3 dxe5 5. Nxe5 c6 6. c4 Nb4 7. Be3 Nd7 8. Nf3 e5 9. a3 exd4 10. Bxd4 c5 11. Bc3 Nc6 12. Bd3 Nf6 13. O-O Be7 14. h3 O-O 15. Qc2 h6 16. Nbd2 Be6 17. Rad1 Qc7 18.
b3 Rad8 19. Rfe1 Rd7 20. Ne4 Nxe4 21. Bxe4 Rfd8 22. Rxd7 Rxd7 23. Bh7+ Kh8 24. Bf5 Nd8 25. Ne5 Rd6 26. Bxe6 fxe6 27. Ng6+ Kg8 28. Be5 Nf7 29. Bxd6 Qxd6 30. Nxe7+ Qxe7 31. Qe4 e5 32. Rd1 b6 33.
h4 h5 34. Qg6 e4 35. g3 e3 36. Qxh5 exf2+ 37. Kxf2 Qf6+ 38. Qf3 Qb2+ 39. Kg1 Qe5 40.
Rf1 Nh6 41. Qf8+ Kh7 42. Qf4 Qe7 43. Qf3 Ng8 44. Qd3+ Kh8 45. Kg2 Qb7+ 46. Qf3 Qe7 47. Rf2 a5 48. Re2 Qd7 49. Qh5+ Nh6 50. Qf3 Ng8 51.
Rf2 a4 52. bxa4 Qxa4 53. Qc3 Qc6+ 54. Kh2 Qd7 55. Rd2 Qf7 56. Qd3 Nf6 57. Qd8+ Kh7 58. Qd3+ Kh8 59. Qe2 Qg6 60. Rd8+ Kh7 61. Rd1 Ng4+ 62.
Kh3 Nf6 63. Kg2 Ne4 64. Rd3 Nf6 65. Re3 Qf7 66. Rf3 Qb7 67. Qd3+ Kh8 68. Qf5 Qc6 69. g4 Qd6 70. g5 Ng8 71. Qg4 Ne7 72. Qh5+ Kg8 73. Qe8+ Kh7 74. Qh5+ Kg8 75. Rf2 Qc6+ 76. Qf3 Qe6 77. Qf8+ Kh7 78. Qf4 Ng6 79. Qg3 Qe4+ 80.
Kh2 Qxc4 81. h5 Ne7 82. g6+ Kh6 83. Qe3+ Kxh5 84. Qxe7 Qd4 85. Qe2+ Kh6 86. Qf3 Kxg6 87. Qg3+ Kh7 88. Qh3+ Kg8 89. Qf3 Qh4+ 90. Kg2 Qg5+ 91. Qg3 Qd5+ 92. Rf3 Qd2+ 93. Qf2 Qg5+ 94. Kf1 Qc1+ 95.
Qe1 Qc4+ 96. Qe2 Qc1+ 97. Kf2 Qg5 98. Qe8+ Kh7 99. Rh3+ 1-0

[Event "*** Titled Tuesday Blitz"]
[Site "Chess.com"]
[Date "2020.05.12"]
[Round "1"]
[White "VALPARAISO37"]
[Black "giantslayer83"]
[Result "1-0"]
[WhiteElo "2395"]
[BlackElo "2707"]
[TimeControl "180+1"]
[EndTime "10:10:08 PDT"]
[Termination "VALPARAISO37 won by resignation"]

1. d4 Nf6 2. c4 g6 3. Nc3 Bg7 4. e4 d6 5. f3 O-O 6. Be3 e5 7. d5 Nh5 8. Qd2 f5 9. O-O-O a5 10.
Bd3 Na6 11. Nge2 Nc5 12. Bc2 b6 13. h3 f4 14. Bf2 Bd7 15. Kb1 a4 16. Nc1 Qb8 17. Qe2 Qa7 18. Nd3 Bh6 19. Rhg1 Qa5 20. Be1 Ng3 21. Qf2 Nxd3 22. Bxd3 Qc5 23. Nb5 Rfc8 24.
Rc1 Bg5 25. Rc2 Bh4 26. Qxc5 bxc5 27. a3 h5 28. Ka2 Bd8 29. Bf2 Rcb8 30. Rgc1 g5 31.
Bxg3 fxg3 32. Rf1 Kg7 33. Rd2 Rb7 34. Rdd1 g4 35. hxg4 hxg4 36. f4 exf4 37. Rxf4 Bg5 38. Rff1 Bf6 39. Rd2 Be5 40. Rdd1 Rh8 41. Rh1 Rh2 42.
Rhg1 Bf4 43. Rde1 Kf6 44. Re2 Kg5 45. Rf1 Rh7 46. Rg1 Rh2 47. Rf1 Be8 48. Rg1 Be5 49. Rf1 Rh8 50. Rg1 c6 51. dxc6 Bxc6 52. Rf1 Rh2 53.
Rf8 Rh8 54. Rxh8 Bxh8 55. Nxd6 Rd7 56. e5 Kf4 57. Be4 Bxe5 58. Bxc6 Rxd6 59. Bxa4 Rd3 60. Bc2 Rd4 61. b3 Bf6 62. a4 Kg5 63. a5 Rf4 64. a6 Rf1 65. Bb1 Rf2 66. Bd3 Rf1 67.
Bb1 Bd4 68. a7 Rf8 69. Be4 Rf1 70. Rb2 Rf2 71. Rxf2 gxf2 72. Bd3 Kf4 73. a8=Q Ke3 74. Qe4+ Kd2 75. Bb1 g3 76. Qf3 Ke1 77. Bd3 Kd2 78. Qe2+ Kc3 79. Qc2+ Kb4 80. Qd2+ Bc3 81. Qf4 Bd4 82.
Bc2 Kc3 83. Bd1 Kd3 84. Qf3+ Kd2 85. Qe2+ Kc3 86. Qc2+ Kb4 87. Be2 Bc3 88. Qg6 Bd4 89.
Qd3 Bc3 90. Qxg3 Bd4 91. Qd3 Ka5 92. g3 Kb4 93. g4 Ka5 94. g5 Kb4 95. Qxd4 cxd4 96.
Kb2 Kc5 97. Kc2 Kd6 98. Kd3 Ke5 99. b4 Kf5 100. Kxd4 Kxg5 101. Ke3 Kf5 102. Kxf2 Ke4 103. c5 Kd5 104. Bf3+ Kc4 105. c6 Kxb4 106. c7 Kb5 107. c8=R Kb4 108. Rc6 Kb5 109. Ke3 1-0

[Event "*** Titled Tuesday Blitz"]
[Site "Chess.com"]
[Date "2020.05.12"]
[Round "1"]
[White "crywolf1986"]
[Black "ajdemipopushi"]
[Result "1/2-1/2"]
[WhiteElo "2533"]
[BlackElo "2210"]
[TimeControl "180+1"]
[EndTime "10:10:41 PDT"]
[Termination "Game drawn by repetition"]

1. d3 c5 2. Nf3 g6 3. g3 Bg7 4. Bg2 Nc6 5. O-O e6 6. e4 Nge7 7. Nbd2 O-O 8. Re1 d6 9. a3 Rb8 10. Rb1 b6 11. c3 Bb7 12. Qc2 Qd7 13. b4 Rbc8 14. b5 Ne5 15. a4 Rfd8 16. Bb2 h6 17. c4 Nxf3+ 18. Nxf3 e5 19. Rf1 Rf8 20. Nh4 g5 21.
Nf3 f5 22. exf5 Nxf5 23. Nd2 Bxg2 24. Kxg2 Qb7+ 25. Ne4 d5 26. cxd5 Qxd5 27. Qc4 Rcd8 28. Rfe1 Kh7 29. Qxd5 Rxd5 30. Nd2 Rxd3 31. Nc4 Nd4 32.
Nxe5 Bxe5 33. Rxe5 Rd2 34. Bxd4 cxd4 35. Rf1 Rf7 36.
Rd5 Kg6 37. g4 h5 38. gxh5+ Kxh5 39. Kg3 Rd3+ 40. f3 Rf6 41. h4 Ra3 42. hxg5 Rf7 43. Rxd4 Kxg5 44. Rg4+ Kf5 45. Rf4+ Kg6 46. Rg4+ Kf5 47.
Re1 Rf6 48. Ree4 Ra1 49. Ref4+ Ke6 50. Rxf6+ Kxf6 51. Re4 Kf5 52. Rd4 Ra3 53. Rh4 Kg5 54. Rb4 Kf5 55. Rc4 Kg5 56. Kf2 Kf5 57. Rd4 Ra2+ 58.
Ke3 Ra3+ 59. Ke2 Ra2+ 60. Kd3 Ra3+ 61. Kc4 Ke5 62. Re4+ Kd6 63. Kb4 Rxf3 64. Rd4+ Kc7 65. Rh4 Rf7 66. Kc4 Rg7 67. Rh5 Rf7 68. Kd5 Rg7 69. Rh6 Rg5+ 70. Ke6 Rg7 71. Rf6 Rd7 72. Ke5 Re7+ 73. Re6 Rd7 74. Kf6 Rd1 75. Re7+ Kb8 76.
Re4 Rd5 77. Ke7 Rd3 78. Rc4 Kb7 79. Ke6 Rd2 80. Ke5 Rd3 81. Rd4 Rc3 82. Kd6 Rc2 83. Kd7 Rc1 84. Kd8 Rc2 85. Rd7+ Kb8 86. Rd4 Kb7 87. Ke7 Rc1 88. Kd6 Kb8 89. Re4 Rd1+ 90. Kc6 Rc1+ 91. Kd5 Rd1+ 92. Rd4 Rc1 93. Rc4 Rd1+ 94.
Kc6 Rh1 95. Rd4 Rh6+ 96. Rd6 Rh8 97. Kd7 Rc8 98. Re6 Rc7+ 99. Kd6 Rc4 100. Re8+ Kb7 101.
Re7+ Kb8 102. a5 bxa5 103. Rf7 a4 104. Kd5 Rh4 105. Re7 a3 106. Re2 Rh3 107. Kc6 Rc3+ 108. Kd5 Kb7 109. Kd4 Rh3 110. Re6 a2 111. Ra6 Rh2 112. Kc5 Rc2+ 113. Kb4 Rb2+ 114. Kc4 Rc2+ 115. Kb4 Rh2 116. Kc5 Rh5+ 117. Kb4 Rh4+ 118. Kc5 Rh2 119. Kc4 Rg2 120. Kb4 Rf2 121. Kc4 Rc2+ 122. Kb4 1/2-1/2

[Event "*** Titled Tuesday Blitz"]
[Site "Chess.com"]
[Date "2020.05.12"]
[Round "2"]
[White "grandcoach"]
[Black "Bajecny"]
[Result "1-0"]
[WhiteElo "2028"]
[BlackElo "2362"]
[TimeControl "180+1"]
[EndTime "10:12:22 PDT"]
[Termination "grandcoach won by resignation"]

1. e4 c5 2. b4 b6 3. Bc4 Bb7 4.
Nf3 Bxe4 5. Bxf7+ Kxf7 6. Ng5+ Ke8 7. Nxe4 d5 8. Ng5 e5 9. O-O Qxg5 10. d4 cxd4 11.
Bxg5 1-0

[Event "*** Titled Tuesday Blitz"]
[Site "Chess.com"]
[Date "2020.05.12"]
[Round "2"]
[White "AlanZhang"]
[Black "guillembaches"]
[Result "0-1"]
[WhiteElo "2157"]
[BlackElo "2415"]
[TimeControl "180+1"]
[EndTime "10:12:45 PDT"]
[Termination "guillembaches won by resignation"]

1. e4 c5 2. Nf3 d6 3. d4 cxd4 4. Nxd4 Nf6 5. Nc3 Nc6 6. Bc4 Bd7 7. Be3 Ng4 8. Bg5 Qb6 9. Be3 Nxe3 10. fxe3 Qxb2 11. Nce2 Qb4+ 0-1

[Event "*** Titled Tuesday Blitz"]
[Site "Chess.com"]
[Date "2020.05.12"]
[Round "2"]
[White "mortngabriel"]
[Black "MedinaCocalik"]
[Result "1-0"]
[WhiteElo "2443"]
[BlackElo "2205"]
[TimeControl "180+1"]
[EndTime "10:12:53 PDT"]
[Termination "mortngabriel won by resignation"]

1. d4 e6 2. e4 d5 3. Nc3 Nf6 4. e5 Nfd7 5. Nce2 c5 6. c3 Nc6 7. Nf3 f6 8. Nf4 Qe7 9. Bb5 cxd4 10. cxd4 Qb4+ 11. Bd2 Qxb5 12. Nxe6 Nb6 13. Nc7+ 1-0

[Event "*** Titled Tuesday Blitz"]
[Site "Chess.com"]
[Date "2020.05.12"]
[Round "2"]
[White "zajka-molotok"]
[Black "Sesleria"]
[Result "0-1"]
[WhiteElo "2354"]
[BlackElo "1984"]
[TimeControl "180+1"]
[EndTime "10:12:55 PDT"]
[Termination "Sesleria won by resignation"]

1. d4 d5 2. c4 c6 3. cxd5 cxd5 4. Nc3 Nf6 5. Bf4 Nc6 6. e3 a6 7. Be2 Bf5 8. g4 Be4 9. Nxe4 Nxe4 10. Qb3 Qa5+ 11.
Kf1 Nd2+ 12. Kg2 Nxb3 0-1

[Event "*** Titled Tuesday Blitz"]
[Site "Chess.com"]
[Date "2020.05.12"]
[Round "2"]
[White "Shubinkirill2003"]
[Black "Firouzja2003"]
[Result "0-1"]
[WhiteElo "2581"]
[BlackElo "3162"]
[TimeControl "180+1"]
[EndTime "10:13:05 PDT"]
[Termination "Firouzja2003 won by resignation"]

1. e4 c5 2. Nf3 d6 3. d4 cxd4 4. Qxd4 Nf6 5. Bb5+ Nc6 6. Qd3 e5 7. c4 Be7 8. Nc3 O-O 9. O-O Na5 10. b4 a6 11. Ba4 Nxc4 12. Qxc4 b5 13. Bxb5 axb5 14. Qxb5 Ba6 0-1

[Event "*** Titled Tuesday Blitz"]
[Site "Chess.com"]
[Date "2020.05.12"]
[Round "2"]
[White "atalz0"]
[Black "Chuchofrio1"]
[Result "1-0"]
[WhiteElo "2463"]
[BlackElo "2238"]
[TimeControl "180+1"]
[EndTime "10:13:10 PDT"]
[Termination "atalz0 won by resignation"]

1. d4 f5 2. g3 Nf6 3. Bg2 d6 4.
d5 g6 5. Nh3 Bg7 6. Nf4 O-O 7. h4 Qe8 8. h5 g5 9. h6 Bh8 10. Ne6 Bxe6 11. dxe6 Qg6 12. Bxb7 Ne4 13. Bxa8 Qxe6 14. Bd5 Qxd5 15. Qxd5+ Rf7 16. Rh5 Nc6 17. Qxc6 1-0

[Event "*** Titled Tuesday Blitz"]
[Site "Chess.com"]
[Date "2020.05.12"]
[Round "2"]
[White "H3nriqueTV"]
[Black "kuba2006"]
[Result "0-1"]
[WhiteElo "2179"]
[BlackElo "2428"]
[TimeControl "180+1"]
[EndTime "10:13:16 PDT"]
[Termination "kuba2006 won by resignation"]

1. e4 Nf6 2. e5 Nd5 3. d4 d6 4. Nf3 Bg4 5. exd6 exd6 6. c3 Nc6 7. Be2 Be7 8. O-O O-O 9. h3 Bf5 10. Nbd2 Bf6 11. Nc4 Re8 12. Ne3 Nxe3 13. Bxe3 d5 14. Qd2 Qd7 15. Bg5 Bxg5 16. Qxg5 Rxe2 17. Rfe1 Rae8 18. Rxe2 Rxe2 19. Re1 Rxe1+ 20. Nxe1 h6 21. Qg3 Qd6 22. Qh4 Qe7 0-1

[Event "*** Titled Tuesday Blitz"]
[Site "Chess.com"]
[Date "2020.05.12"]
[Round "2"]
[White "ENEASZ"]
[Black "JonahWillow"]
[Result "0-1"]
[WhiteElo "2472"]
[BlackElo "2705"]
[TimeControl "180+1"]
[EndTime "10:13:20 PDT"]
[Termination "JonahWillow won by resignation"]

1. e4 c5 2. c3 Nf6 3. e5 Nd5 4.
d4 cxd4 5. cxd4 g6 6. Bc4 Nb6 7. Bb3 Bg7 8. Nf3 O-O 9. Bf4 Nc6 10. O-O d6 11. exd6 Bg4 12. dxe7 Qxe7 13. Nbd2 Nxd4 14. h3 Bxf3 15. Nxf3 Ne2+ 0-1

[Event "*** Titled Tuesday Blitz"]
[Site "Chess.com"]
[Date "2020.05.12"]
[Round "2"]
[White "tylityli"]
[Black "Biranidun"]
[Result "0-1"]
[WhiteElo "2326"]
[BlackElo "2670"]
[TimeControl "180+1"]
[EndTime "10:13:24 PDT"]
[Termination "Biranidun won by resignation"]

1. e4 c5 2. Nf3 d6 3. d4 cxd4 4. Nxd4 Nf6 5. Nc3 a6 6. Be2 e5 7. Nb3 Be7 8. O-O O-O 9. Be3 Be6 10. f4 exf4 11. Bxf4 Nc6 12. Nd4 Nxd4 13. Qxd4 Rc8 14. Rad1 d5 15. e5 Bc5 16. exf6 Bxd4+ 17. Rxd4 Qxf6 18. Be3 Qe5 19. Bf2 Rxc3 0-1

[Event "*** Titled Tuesday Blitz"]
[Site "Chess.com"]
[Date "2020.05.12"]
[Round "2"]
[White "Chesstrainer1"]
[Black "SophieNikoladze"]
[Result "1-0"]
[WhiteElo "2408"]
[BlackElo "2128"]
[TimeControl "180+1"]
[EndTime "10:13:33 PDT"]
[Termination "Chesstrainer1 won by resignation"]

1. Nf3 d5 2. c4 c6 3. d4 e6 4. Nbd2 Nd7 5. g3 f5 6. Bg2 Ngf6 7. O-O Bd6 8. b3 O-O 9. Bb2 Qe7 10. Ne5 Ne4 11. Ndf3 Ndf6 12. a4 g5 13. Nd3 Bd7 14.
Nfe5 Be8 15. f3 f4 16. gxf4 gxf4 17. fxe4 Nxe4 18. Nxf4 1-0

[Event "*** Titled Tuesday Blitz"]
[Site "Chess.com"]
[Date "2020.05.12"]
[Round "2"]
[White "dianosky"]
[Black "EnergeticHay"]
[Result "1-0"]
[WhiteElo "2418"]
[BlackElo "2150"]
[TimeControl "180+1"]
[EndTime "10:13:38 PDT"]
[Termination "dianosky won by resignation"]

1. d4 Nf6 2. c4 g6 3. Nc3 Bg7 4.
e4 d6 5. f4 O-O 6. Be2 c5 7. d5 e6 8. Nf3 exd5 9. cxd5 Re8 10. e5 dxe5 11. fxe5 Ng4 12. Bg5 Qa5 13. O-O Nxe5 14.
d6 Be6 15. Nd5 Bxd5 16. Qxd5 Nbc6 17. Nxe5 Rxe5 18. Qxf7+ Kh8 19. Bf6 Bxf6 20. Qxf6+ Kg8 21. Bc4+ 1-0

[Event "*** Titled Tuesday Blitz"]
[Site "Chess.com"]
[Date "2020.05.12"]
[Round "2"]
[White "Ze-Pequeno"]
[Black "BvsN"]
[Result "0-1"]
[WhiteElo "2009"]
[BlackElo "2379"]
[TimeControl "180+1"]
[EndTime "10:13:42 PDT"]
[Termination "BvsN won by resignation"]

1. e4 c5 2. Nf3 e6 3. d4 cxd4 4. Nxd4 Nf6 5. Nc3 Nc6 6. Ndb5 Bc5 7. Nd6+ Ke7 8. Nxc8+ Rxc8 9. Be2 a6 10. O-O Qc7 11. a3 h5 12. Bg5 Ne5 13. h3 Ng4 0-1

[Event "*** Titled Tuesday Blitz"]
[Site "Chess.com"]
[Date "2020.05.12"]
[Round "2"]
[White "albi1999"]
[Black "Indianlad"]
[Result "0-1"]
[WhiteElo "2567"]
[BlackElo "2940"]
[TimeControl "180+1"]
[EndTime "10:13:48 PDT"]
[Termination "Indianlad won by resignation"]

1. d4 Nf6 2. c4 e6 3. Nf3 Nc6 4. g3 d5 5. Bg2 dxc4 6. Qa4 Bb4+ 7. Bd2 a5 8. a3 Bd6 9. Qxc4 O-O 10. O-O e5 11. dxe5 Nxe5 12. Nxe5 Bxe5 13. Bc3 Qe7 14.
Bxe5 Qxe5 15. Nc3 c6 16. Rad1 Be6 17. Qd4 Qxd4 18. Rxd4 Bb3 19. e3 Rfd8 20. Re1 Rxd4 21. exd4 Kf8 22. Re5 a4 23. d5 cxd5 24. Nxd5 Bxd5 25.
Bxd5 Ra5 0-1

[Event "*** Titled Tuesday Blitz"]
[Site "Chess.com"]
[Date "2020.05.12"]
[Round "2"]
[White "Harut-1998"]
[Black "bait_or_mate"]
[Result "1-0"]
[WhiteElo "2752"]
[BlackElo "2500"]
[TimeControl "180+1"]
[EndTime "10:13:57 PDT"]
[Termination "Harut-1998 won by resignation"]

1. d4 Nf6 2. c4 e6 3. g3 d5 4. Nf3 Bb4+ 5. Bd2 Bd6 6. Nc3 Nc6 7. Bg5 Be7 8. cxd5 exd5 9. Bg2 Bf5 10. Bxf6 Bxf6 11.
Qb3 Nxd4 12. Nxd4 Bxd4 13. Qa4+ c6 14. Qxd4 O-O 15. O-O Re8 16. Rfe1 Qa5 17. e4 dxe4 18. Bxe4 Be6 19. Bc2 Rad8 20. Qh4 g6 21. Ne4 1-0

[Event "*** Titled Tuesday Blitz"]
[Site "Chess.com"]
[Date "2020.05.12"]
[Round "2"]
[White "SHIVACalypso"]
[Black "SirMittensofMittensville"]
[Result "0-1"]
[WhiteElo "2296"]
[BlackElo "2567"]
[TimeControl "180+1"]
[EndTime "10:14:00 PDT"]
[Termination "SirMittensofMittensville won by resignation"]

1. Nf3 e6 2. c4 Nf6 3. g3 d5 4. Bg2 dxc4 5. O-O a6 6. a4 Nc6 7.
Na3 Bxa3 8. Rxa3 e5 9. Qc2 Be6 10. Ng5 Bd5 11. e4 Nd4 12. Qd1 Bc6 13. d3 h6 14. Nf3 Nxf3+ 15. Bxf3 cxd3 16. Rxd3 Qe7 17. Qe2 Bxa4 18. Be3 Bb5 19. Qc2 Bxd3 20. Qxd3 O-O 21. Rc1 Rfd8 22. Qc3 c6 23. Bc5 Qe6 24. Qb4 Rd7 25.
Kg2 Rad8 26. Qb6 h5 27. h4 Ng4 0-1

[Event "*** Titled Tuesday Blitz"]
[Site "Chess.com"]
[Date "2020.05.12"]
[Round "2"]
[White "Vaathi_Coming"]
[Black "krstulov_alex"]
[Result "1-0"]
[WhiteElo "2854"]
[BlackElo "2547"]
[TimeControl "180+1"]
[EndTime "10:14:05 PDT"]
[Termination "Vaathi_Coming won by resignation"]

1. e4 c6 2. d4 d5 3. e5 c5 4. dxc5 e6 5. a3 Bxc5 6. Nf3 Ne7 7. b4 Bb6 8. Bb2 O-O 9. Bd3 Ng6 10. O-O a5 11.
Nbd2 axb4 12. axb4 Rxa1 13. Qxa1 Nc6 14. b5 Nb4 15.
Bxg6 fxg6 16. Qa4 Qe7 17. Ba3 Bc5 18. Nb3 Nd3 19. Nxc5 Nxc5 20. Qa7 Rxf3 21. Bxc5 1-0

[Event "*** Titled Tuesday Blitz"]
[Site "Chess.com"]
[Date "2020.05.12"]
[Round "2"]
[White "Gahan-MG"]
[Black "mishanick"]
[Result "0-1"]
[WhiteElo "2575"]
[BlackElo "2967"]
[TimeControl "180+1"]
[EndTime "10:14:06 PDT"]
[Termination "mishanick won by resignation"]

1. e4 c5 2. c3 Nf6 3. e5 Nd5 4. d4 d6 5. Nf3 cxd4 6. cxd4 Nc6 7. Bc4 dxe5 8. dxe5 Ndb4 9. Qxd8+ Nxd8 10. Bb5+ Bd7 11. Bxd7+ Kxd7 12. Na3 Ndc6 13. O-O e6 14. Rd1+ Ke8 15.
Nb5 Rc8 16. a3 Nd5 17. Bd2 a6 18. Nc3 Nxc3 19. Bxc3 Bc5 20. Rac1 Ke7 21. Kf1 h6 22. Ke2 Rhd8 23. Rxd8 Rxd8 24. Nd2 Bd4 25. Kf3 0-1

[Event "*** Titled Tuesday Blitz"]
[Site "Chess.com"]
[Date "2020.05.12"]
[Round "2"]
[White "murtas73"]
[Black "AniJak"]
[Result "1-0"]
[WhiteElo "2609"]
[BlackElo "2236"]
[TimeControl "180+1"]
[EndTime "10:14:06 PDT"]
[Termination "murtas73 won by resignation"]

1. d4 d5 2. c4 c6 3. Nc3 Nf6 4. e3 e6 5. Nf3 Nbd7 6. Bd3 dxc4 7. Bxc4 b5 8. Bb3 a6 9. e4 c5 10. e5 cxd4 11. Qxd4 Bc5 12. Qf4 Nh5 13. Qg4 g6 14. O-O O-O 15. Ne4 a5 16. Bh6 Re8 17. Rad1 Bf8 18.
Bxf8 Kxf8 19. Nd6 Re7 20. Ng5 h6 21. Ndxf7 hxg5 22. Nxd8 1-0

[Event "*** Titled Tuesday Blitz"]
[Site "Chess.com"]
[Date "2020.05.12"]
[Round "2"]
[White "fish7728"]
[Black "Loiacono_Antonio"]
[Result "0-1"]
[WhiteElo "2042"]
[BlackElo "2386"]
[TimeControl "180+1"]
[EndTime "10:14:18 PDT"]
[Termination "Loiacono_Antonio won by resignation"]

1. d4 d5 2. c4 c6 3. Nc3 Nf6 4. cxd5 cxd5 5. Bf4 Nc6 6. e3 Bg4 7. f3 Bd7 8. Bd3 e6 9. g4 a6 10. Nge2 Be7 11. Ng3 h6 12. h4 Rc8 13. Kf2 Qb6 14.
Qd2 Na5 15. g5 Ng8 16. Nh5 g6 17. Nf6+ Nxf6 18. gxf6 Bxf6 19. Rag1 Nc4 20. b3 Nxd2 0-1

[Event "*** Titled Tuesday Blitz"]
[Site "Chess.com"]
[Date "2020.05.12"]
[Round "2"]
[White "Yanidze"]
[Black "CaspiIsrael"]
[Result "0-1"]
[WhiteElo "2357"]
[BlackElo "2640"]
[TimeControl "180+1"]
[EndTime "10:14:21 PDT"]
[Termination "CaspiIsrael won by resignation"]

1. d4 f5 2. Nf3 Nf6 3. g3 g6 4. Bg2 Bg7 5. O-O O-O 6. c4 d6 7.
b3 e5 8. dxe5 dxe5 9. Ba3 Re8 10.
Nc3 e4 11. Ne1 Be6 12. Nc2 Nc6 13. Nb5 Qc8 14. e3 Bf7 15. Qe2 a6 16. Nbd4 Ne5 17. Rad1 c5 18. f4 Ned7 0-1

[Event "*** Titled Tuesday Blitz"]
[Site "Chess.com"]
[Date "2020.05.12"]
[Round "2"]
[White "chessuriel"]
[Black "Haykoooo0o"]
[Result "1-0"]
[WhiteElo "2170"]
[BlackElo "2477"]
[TimeControl "180+1"]
[EndTime "10:14:26 PDT"]
[Termination "chessuriel won by resignation"]

1. e4 e5 2. Nf3 Nc6 3. Bc4 Bc5 4. d3 Nf6 5. c3 d6 6. O-O a6 7. Bb3 Ba7 8. Nbd2 h6 9. a4 g5 10. Nc4 g4 11. Nh4 Nxe4 12. dxe4 Qxh4 13. Ne3 h5 14. Nd5 Qd8 15. Kh1 Be6 16. f4 h4 17. fxe5 Nxe5 18. Nf6+ Kf8 19. Bxe6 fxe6 20. Nxg4+ Ke8 21. Nf6+ Ke7 22.
Bg5 Qc8 23. Ng4+ Ke8 24. Nxe5 dxe5 25. Qf3 Qd7 26. Rad1 Qh7 27. Qf6 1-0

[Event "*** Titled Tuesday Blitz"]
[Site "Chess.com"]
[Date "2020.05.12"]
[Round "2"]
[White "OhanyanEminChess"]
[Black "Gabrielian_Artur"]
[Result "0-1"]
[WhiteElo "2476"]
[BlackElo "2711"]
[TimeControl "180+1"]
[EndTime "10:14:32 PDT"]
[Termination "Gabrielian_Artur won by resignation"]

1. e4 c5 2. Nf3 d6 3. d4 cxd4 4. Nxd4 Nf6 5. Nc3 Nc6 6. Bc4 Qb6 7. Nxc6 bxc6 8. O-O g6 9. Qe2 Bg7 10. e5 dxe5 11. Qxe5 Qb4 12. Re1 O-O 13. Bb3 Bf5 14. Qxe7 Rae8 15. Bxf7+ Rxf7 16. Qxe8+ Nxe8 17. Rxe8+ Rf8 18.
Rxf8+ Kxf8 0-1

[Event "*** Titled Tuesday Blitz"]
[Site "Chess.com"]
[Date "2020.05.12"]
[Round "2"]
[White "gross-aleks"]
[Black "LazovT"]
[Result "0-1"]
[WhiteElo "2466"]
[BlackElo "2685"]
[TimeControl "180+1"]
[EndTime "10:14:32 PDT"]
[Termination "LazovT won by checkmate"]

1. c4 g6 2. Nf3 Bg7 3. e3 d6 4. d4 Nd7 5. Nc3 e5 6. dxe5 dxe5 7. Be2 f5 8. O-O Nh6 9. e4 Nf7 10. Qc2 f4 11. b4 O-O 12. c5 c6 13. Bb2 g5 14. h3 h5 15. Nh2 Nf6 16. Qd1 g4 17. hxg4 hxg4 18. Nxg4 Nxg4 19. Bxg4 Qh4 20. Bxc8 Raxc8 21. Qb3 Kh8 22. Ne2 Ng5 23. Rfd1 f3 24. Ng3 fxg2 25.
Nf5 Qh1# 0-1

[Event "*** Titled Tuesday Blitz"]
[Site "Chess.com"]
[Date "2020.05.12"]
[Round "2"]
[White "the_drake"]
[Black "ClassyEl"]
[Result "0-1"]
[WhiteElo "2208"]
[BlackElo "2529"]
[TimeControl "180+1"]
[EndTime "10:14:37 PDT"]
[Termination "ClassyEl won by resignation"]

1. e4 d6 2. d4 Nf6 3. Nc3 c6 4. Be3 Nbd7 5. f3 b5 6. Qd2 Nb6 7. Bd3 g6 8. Nce2 Qc7 9. c3 a6 10. h4 h5 11. Nh3 Bxh3 12. Rxh3 Bg7 13. Kf2 e6 14. Rg1 c5 15. g4 hxg4 16. fxg4 Qc6 17.
dxc5 dxc5 18. e5 Nfd7 19. Qc2 O-O-O 20. Be4 Qc7 21. Bf4 Bxe5 22. Bxe5 Nxe5 23. g5 Nbc4 24. b3 Rd2 25. Qc1 Nd6 26. Re3 Nxe4+ 27. Rxe4 Nd3+ 0-1